 Dungeon Crawl Stone Soup version 0.27.1-3-gb3d3a73c9e (webtiles) character file.

Game seed: 11658971667677964958

2546 belegose the Cudgeller (level 9, -10/80 HPs)
             Began as a Troll Warper on Oct 5, 2021.
             Was a Follower of Hepliaklqana.
             Splashed by Maggie's acid (11 damage)
             ... on level 7 of the Dungeon.
             The game lasted 00:25:21 (7089 turns).

belegose the Cudgeller (Troll Warper)               Turns: 7089, Time: 00:25:22

Health: -10/80     AC: -1    Str: 24    XL:     9   Next: 30%
Magic:  9/9        EV:  6    Int:  9    God:    Hepliaklqana [*.....]
Gold:   365        SH:  7    Dex:  9    Spells: 10/10 levels left

rFire    . . .     SeeInvis .   a - +0 eveningstar
rCold    . . .     Faith    .   y - +0 kite shield
rNeg     . . .     Spirit   .   t - +0 troll leather armour
rPois    .         Reflect  .   (helmet restricted)
rElec    .         Harm     .   (no cloak)
rCorr    .         Rampage  .   (gloves unavailable)
Will     .....                  (boots unavailable)
Stlth    +.........             (no amulet)
HPRegen  2.23/turn              (no ring)
MPRegen  0.11/turn              (no ring)

@: corroded, mesmerised
A: reduced essence, large, unfitting armour, claws 3, regeneration 1, shaggy fur
1, tough skin 1
a: Renounce Religion, Recall Ancestor, Ancestor Identity


You were on level 7 of the Dungeon.
You worshipped Hepliaklqana.
Hepliaklqana was aware of your devotion.
You visited 2 branches of the dungeon, and saw 8 of its levels.

You collected 365 gold pieces.

Inventory:

Hand Weapons
 a - a +0 eveningstar (weapon)
Missiles
 d - 2 boomerangs of dispersal
 i - 138 stones
 o - 3 boomerangs
 q - 4 silver javelins (quivered)
 z - a throwing net
Armour
 b - a +0 robe
 t - a +0 troll leather armour (worn)
 y - a +0 kite shield (worn)
Wands
 u - a wand of flame (19)
Scrolls
 c - 3 scrolls of blinking
 f - 2 scrolls of teleportation {unknown}
 g - 2 scrolls of holy word {unknown}
 k - 2 scrolls of silence {unknown}
 l - 2 scrolls of identify {unknown}
 m - a scroll of enchant armour {unknown}
 r - a scroll of vulnerability {unknown}
 x - a scroll of noise {unknown}
 A - a scroll of fear {unknown}
 B - a scroll of acquirement {unknown}
Potions
 e - 6 potions of curing
 h - a potion of brilliance {unknown}
 j - a potion of lignification {unknown}
 n - 3 potions of might {unknown}
 p - a potion of experience {unknown}
 s - 2 potions of magic {unknown}
 v - a potion of flight {unknown}
 w - 2 potions of degeneration {unknown}


   Skills:
 + Level 6.1 Fighting
 + Level 6.7 Maces & Flails
 + Level 6.4 Throwing
 + Level 0.5 Armour
 - Level 1.9 Dodging
 + Level 0.6 Shields
 - Level 1.2 Spellcasting
 - Level 2.1 Translocations
 + Level 1.8 Invocations


You had 10 spell levels left.
You didn't know any spells.
Your spell library contained the following spells:

 Spells                   Type           Power      Damage    Failure   Level
 Blink                    Tloc           N/A        N/A       83%         2
 Magic Dart               Conj           0%         1d3       95%         1
 Gell's Gravitas          Tloc           2%         N/A       97%         3
 Lesser Beckoning         Tloc           2%         N/A       97%         3
 Teleport Other           Tloc           4%         N/A       97%         3
 Call Imp                 Summ           0%         N/A       98%         2
 Passwall                 Tmut/Erth      0%         N/A       98%         2
 Ignite Poison            Fire/Tmut/Pois 0%         N/A       100%        3
 Mephitic Cloud           Conj/Pois/Air  0%         N/A       100%        3
 Ozocubu's Armour         Ice            0%         N/A       100%        3
 Stone Arrow              Conj/Erth      0%         3d7       100%        3
 Swiftness                Air            0%         N/A       100%        3
 Bolt of Magma            Conj/Fire/Erth 0%         4d4       100%        5
 Manifold Assault         Tloc           4%         N/A       100%        5
 Invisibility             Hex            0%         N/A       100%        6
 Ozocubu's Refrigeration  Ice            0%         4d5       100%        7
 Shatter                  Erth           0%         3d5*      100%        9


Dungeon Overview and Level Annotations

Branches:
Dungeon (7/15)             Temple (1/1) D:4

Altars:
Ashenzari
Cheibriados
Dithmenos
Elyvilon
Fedhas
Gozag
Hepliaklqana
Kikubaaqudgha
Makhleb
Nemelex Xobeh
Okawaru
Qazlal
Ru
Sif Muna
Trog
Uskayaw
Vehumet
Wu Jian
Xom
Yredelemnul
Zin
The Shining One

Annotations:
D:3 1 runed translucent door, exclusion: door, elongatedgoose's ghost, weakling SpBr
D:7 Maggie


Innate Abilities, Weirdness & Mutations

Your life essence is reduced to manifest your ancestor. (-10% HP)
You are too large for most types of armour.
You have claws for hands.
Your natural rate of healing is unusually fast.
You are covered in fur. (AC +1)
You have tough skin. (AC +1)


Message History

There is a stone staircase leading up here.
You swap places.
A howler monkey skeleton comes into view.
Maggie points at you and mumbles some strange words.
The bolt of fire hits you!
There is a stone staircase leading up here.
You closely miss Maggie. Maggie barely misses you.
Lucia hits Maggie but does no damage.
You completely miss Maggie. Maggie hits you with a +0 long sword!
Lucia closely misses Maggie.
Maggie hits you with a +0 long sword!
You sock Maggie!
Maggie is lightly wounded.
Lucia hits Maggie but does no damage.
Maggie barely misses you.
Lucia hits Maggie but does no damage.
You bludgeon Maggie!!
Maggie is heavily wounded.
Maggie hits you with a +0 long sword!
Lucia closely misses Maggie.
Maggie zaps a wand.
The bolt of acid hits you! The acid corrodes you!
You are splashed with acid!
Unknown command.
You closely miss Maggie.
Maggie is heavily wounded.
Lucia barely misses Maggie.
Maggie mumbles some strange words.
Maggie attempts to bespell you!
You are mesmerised by Maggie!
Lucia hits Maggie.
You hit Maggie but do no damage.
Maggie is heavily wounded.
Maggie zaps a wand.
The bolt of acid hits you!
* * * LOW HITPOINT WARNING * * *
You are splashed with acid!
* * * LOW HITPOINT WARNING * * *
Lucia barely misses Maggie.
You closely miss Maggie.
Maggie is heavily wounded.
Maggie zaps a wand.
The bolt of acid hits you!
* * * LOW HITPOINT WARNING * * *
The acid corrodes you!
You are splashed with acid!
You die...

.. . .#
###. #..
#.# #.# #
#R###...#
#@@Z....#
######.##


You could see the friendly Lucia the ancestor, Maggie (mesmerising, ally target)
and a howler monkey skeleton.

Vanquished Creatures
  A troll (D:6)
  Grinder (D:4)
  6 yaks
  Menkaure (D:4)
  Duvessa (D:3)
  An orc warrior (D:6)
  4 ogres
  A centaur (D:6)
  Dowan (D:3)
  A bullfrog zombie (D:6)
  3 hounds
  An orc priest (D:4)
  A bullfrog skeleton (D:5)
  Natasha (thrice) (D:4)
  2 orc wizards
  Robin (D:2)
  8 adders
  3 dart slugs
  19 orcs
  6 bats
  5 endoplasms
  4 giant cockroaches
  14 goblins
  10 hobgoblins
  8 jackals (D:1)
  7 kobolds
  3 quokkas
  9 ball pythons
  5 frilled lizards
  4 rats
134 creatures vanquished.

Vanquished Creatures (others)
  An orc warrior (D:4)
  A centaur skeleton (D:4)
  An orc (D:4)
3 creatures vanquished.

Grand Total: 137 creatures vanquished

Notes
Turn   | Place    | Note
-------+----------+-------------------------------------------
     0 | D:1      | belegose the Troll Warper began the quest for the Orb.
     0 | D:1      | Reached XP level 1. HP: 19/19 MP: 1/1
    25 | D:1      | Reached skill level 1 in Throwing
   127 | D:1      | Reached XP level 2. HP: 27/28 MP: 2/2
   227 | D:1      | You fall into a shaft and drop 1 floor!
   511 | D:1      | Reached XP level 3. HP: 31/35 MP: 3/3
  1171 | D:2      | Reached XP level 4. HP: 27/44 MP: 4/4
  1524 | D:3      | HP: 1/44 [orc (5)]
  1712 | D:3      | Noticed Robin
  1784 | D:2      | Killed Robin
  1915 | D:3      | Reached XP level 5. HP: 37/52 MP: 5/5
  1966 | D:3      | Found a broken altar of Ashenzari.
  2012 | D:3      | Found a runed translucent door.
  2012 | D:3      | Noticed elongatedgoose's ghost (weakling SpBr)
  2653 | D:4      | Noticed Duvessa
  2653 | D:4      | Noticed Dowan
  2706 | D:4      | Noticed Grinder
  2774 | D:4      | Paralysed by Grinder for 4 turns
  2842 | D:4      | Killed an orc warrior
  2893 | D:4      | Paralysed by Grinder for 5 turns
  2901 | D:4      | Paralysed by Grinder for 2 turns
  2954 | D:5      | Entered Level 5 of the Dungeon
  3280 | D:5      | Noticed a yak
  3280 | D:5      | Noticed a yak
  3312 | D:5      | Reached XP level 6. HP: 40/61 MP: 6/6
  3370 | D:5      | Noticed Menkaure
  3403 | D:4      | Killed a yak
  3555 | D:4      | Noticed Natasha
  3560 | D:4      | Killed Natasha
  3614 | D:4      | Found a staircase to the Ecumenical Temple.
  3622 | Temple   | Entered the Ecumenical Temple
  3682 | Temple   | Became a worshipper of Hepliaklqana the Forgotten
  3839 | D:4      | Paralysed by Grinder for 4 turns
  3994 | D:4      | Noticed Natasha
  4004 | D:4      | Killed Natasha
  4005 | D:4      | Reached XP level 7. HP: 60/68 MP: 7/7
  4077 | D:4      | Paralysed by Grinder for 5 turns
  4097 | D:4      | Paralysed by Grinder for 5 turns
  4217 | D:4      | Noticed Natasha
  4228 | D:4      | Killed Natasha
  4259 | D:4      | Paralysed by Grinder for 5 turns
  4269 | D:4      | Paralysed by Grinder for 2 turns
  4567 | D:5      | Noticed a yak
  4573 | D:5      | Noticed a yak
  4622 | D:4      | Killed a yak
  4691 | D:5      | Killed a yak
  4754 | D:5      | Noticed a yak
  4755 | D:5      | Noticed a yak
  4894 | D:4      | Killed a yak
  4895 | D:4      | Reached skill level 5 in Maces & Flails
  4963 | D:4      | Killed a yak
  4964 | D:4      | Reached skill level 5 in Throwing
  4964 | D:4      | Reached XP level 8. HP: 38/79 MP: 8/8
  5432 | D:5      | Reached skill level 5 in Fighting
  5580 | D:4      | Killed Menkaure
  5651 | D:4      | Killed Grinder
  5837 | D:3      | Killed Duvessa
  5860 | D:3      | Killed Dowan
  6247 | D:6      | Noticed a troll
  6432 | D:5      | Reached XP level 9. HP: 69/89 MP: 9/9
  6527 | D:6      | Killed a troll
  6528 | D:6      | Reached skill level 1 in Invocations
  6731 | D:6      | Reached * piety under Hepliaklqana
  7077 | D:7      | Noticed Maggie
  7089 | D:7      | HP: 1/80 [Maggie/bolt of acid (17)]
  7089 | D:7      | Splashed by Maggie's acid

Illustrated notes

Levels and vault maps discovered:
D:1:      amcnicky_arrival_gap_in_the_tavern_cellar, layout_loops_corners
D:2:      layout_rooms, hex_large
D:3:      cheibrodos_helix_gallery, layout_basic,
          nicolae_overflow_crystal_walls, hellmonk_ghost_happy_afterlife,
          chequers_big_river, uniq_robin
D:4:      layout_gridville, minmay_temple_entry_crystal_x, lemuel_flame_loot_1,
          uniq_natasha, uniq_grinder, uniq_duvessa
D:5:      layout_cave_pods, dk_rats_in_the_wall, uniq_menkaure
D:6:      layout_rooms
D:7:      layout_loops_corners, uniq_pikel, uniq_joseph, uniq_maggie
Temple:   kilobyte_greek_temple

Skill      XL: |  1  2  3  4  5  6  7  8  9 |
---------------+----------------------------+-----
Throwing       | 1 2 3 5 6 |  6.4
Maces & Flails | 2 3 4 5 6 |  6.7
Fighting       | 2 3 4 5 6 |  6.1
Invocations    | 1 |  1.8
Armour         | |  0.5
Dodging        | |  1.9
Shields        | |  0.6
Spellcasting   | |  1.2
Translocations | |  2.1

Action                   |  1- 3 |  4- 6 |  7- 9 || total
-------------------------+-------+-------+-------++-------
Melee: Mace              |   135 |   164 |       ||   299
       Quarterstaff      |       |   115 |    94 ||   209
       Eveningstar       |       |       |    97 ||    97
Throw: Boomerang         |       |     3 |     8 ||    11
       Stone             |       |     8 |    60 ||    68
       Javelin           |       |       |     4 ||     4
  Use: Potion            |       |       |     2 ||     2
 Stab: Sleeping          |     1 |       |       ||     1
Armor: Robe              |    67 |   103 |    28 ||   198
       Troll leather arm |       |       |    12 ||    12
Dodge: Dodged            |    84 |   124 |   105 ||   313
Block: Kite shield       |       |       |    11 ||    11
